 Dungeon Crawl Stone Soup version 0.28.0-45-g0d030f2227 (webtiles) character file.

Game seed: 4414428667830646097

98 zeratav the Insei (level 4, 0/29 HPs)
             Began as an Octopode Transmuter on Apr 9, 2022.
             Slain by a gnoll
             ... wielding a +1 halberd of flaming
              (4 damage)
             ... on level 3 of the Dungeon.
             The game lasted 00:02:07 (2026 turns).

zeratav the Insei (Octopode Transmuter)             Turns: 2026, Time: 00:02:08

Health: 0/29       AC:  1    Str:  9    XL:     4   Next: 69%
Magic:  7/7        EV: 14    Int: 21    God:
Gold:   109        SH:  0    Dex: 14    Spells: 6/7 levels left

rFire   . . .      SeeInvis .     - Unarmed
rCold   . . .      Faith    .   (no shield)
rNeg    . . .      Spirit   .   (helmet restricted)
rPois   .          Reflect  .   (no amulet)
rElec   .          Harm     .   c - +6 ring of intelligence
rCorr   .          Rampage  .   (no ring)
Will    .....                   (no ring)
Stlth   ++........              (no ring)
HPRegen 0.09/turn               (no ring)
MPRegen 0.10/turn               (no ring)
                                (no ring)
                                (no ring)

@: no status effects
A: almost no armour, amphibious, 8 rings, camouflage 1, gelatinous body 1,
(nimble swimmer 1), tentacles
a: no special abilities


You were on level 3 of the Dungeon.
You visited 1 branch of the dungeon, and saw 3 of its levels.

You collected 109 gold pieces.


Innate Abilities, Weirdness & Mutations

You cannot wear most types of armour.
You are amphibious.
You can wear up to eight rings at the same time.
Your skin changes colour to match your surroundings (Stealth+).
Your rubbery body absorbs attacks. (AC +1, EV +1)
((You are camouflaged when in or above water. (Stealth+)))
You have tentacles for arms and can constrict up to eight enemies at once.


   Skills:
 + Level 2.2 Fighting
 + Level 2.9 Dodging
 * Level 4.3 Unarmed Combat
 - Level 2.0 Spellcasting
 - Level 2.0 Transmutations


You had 6 spell levels left.
You knew the following spells:

 Your Spells              Type           Power      Damage    Failure   Level
a - Beastly Appendage     Tmut           20%        N/A       6%          1

Your spell library contained the following spells:

 Spells                   Type           Power      Damage    Failure   Level
 Wereblood                Tmut           10%        N/A       10%         2
 Spider Form              Tmut/Pois      6%         N/A       28%         3
 Ice Form                 Ice/Tmut       6%         N/A       67%         4

Inventory:

Jewellery
 c - a +6 ring of intelligence (left tentacle)
   (You found it on level 1 of the Dungeon)
Scrolls
 e - 2 scrolls of identify {unknown}
 f - a scroll of teleportation {unknown}
 g - a scroll of noise {unknown}
 h - 2 scrolls of fog {unknown}
 i - a scroll of vulnerability {unknown}
 j - a scroll of enchant weapon {unknown}
 l - a scroll of amnesia {unknown}
Potions
 a - a potion of brilliance {unknown}
 b - a potion of mutation {unknown}
 d - a potion of heal wounds {unknown}
 k - 2 potions of might {unknown}

Dungeon Overview and Level Annotations

Branches:
Dungeon (3/15)

Altars:

#######..........
.................
#.#####.#########
#.#####.##############.#
........§.....<........#
§.≈≈≈§§§≈§≈≈≈.##.####..
≈.≈###§§≈###≈.##.# ≈§≈#
#§.≈# #≈.##.# ≈.≈# #≈§§#
#≈.##@#
≈.≈≈≈≈§.§≈≈≈§.##g#
........§§§§..##g#
≈.≈§≈≈≈§§§≈§≈...Bg #.#
#.# ..# ###


You could see 3 gnolls and a giant cockroach.


Message History

No target in view!
No target in view!
No target in view!
No target in view!
No target in view!
No target in view!
No target in view!
No target in view!
No target in view!
No target in view!
No target in view!
No target in view!
No target in view!
No target in view!
No target in view!
No target in view!
No target in view!
Things that are here:
a +0 whip {mace}; 2 stones {throwing}; MP[+1]
Your mp is fully restored (7).
Your tentacle spike disappears.
You now have 109 gold pieces (gained 15).
A bat comes into view.
The bat moves out of view.
Found an escape hatch in the ceiling.
One of your tentacles grows a vicious spike.
MP[-1]
You lost 1 mp, and now have 6/7 mp.
A gnoll comes into view. It is wielding a +1 halberd of flaming.
A gnoll comes into view. It is wielding a +0 flail.
The bat hits you but does no damage.
A gnoll comes into view. It is wielding a +0 halberd.
The bat misses you. The bat hits you.
HP[-1]
You take 1 damage, and now have 28/29 hp.
The bat misses you. x2
MP[+1]
Your mp is fully restored (7).
HP[+1]
Your hp is fully restored (29).
Your transformation is almost over.
You tentacle-slap the bat but do no damage.
Your grab misses the bat.
You pierce the bat, but do no damage.
Your squeeze misses the bat. The bat hits you.
HP[-1]
You take 1 damage, and now have 28/29 hp.
The bat hits you but does no damage. The bat barely misses you.
You barely miss the bat. Your grab misses the bat. Your squeeze misses the bat.
The bat closely misses you.
You barely miss the bat. Your grab misses the bat.
Your tentacle spike misses the bat.
Your squeeze misses the bat. The bat barely misses you. The bat misses you.
The bat hits you.
HP[-1]
You take 1 damage, and now have 27/29 hp.
You barely miss the bat. Your grab misses the bat.
You pierce the bat.
You tentacle-slap the bat.
You kill the bat!
No target in view!
No target in view!
No target in view!
No target in view!
No target in view!
No target in view!
No target in view!
No target in view!
No target in view!
No target in view!
Your tentacle spike disappears.
HP[+1] HP[+1]
Your hp is fully restored (29).
Why would you want to do that?
There is an escape hatch in the ceiling here.
You barely miss the gnoll.
The gnoll shouts!
You grab the gnoll. Your squeeze misses the gnoll. You constrict the gnoll.
You hear a shout! x3
The gnoll completely misses you.
A gnoll comes into view. It is wielding a +0 halberd.
You hear an angry hiss.
You tentacle-slap the gnoll but do no damage.
You constrict the gnoll, but do no damage.
The gnoll hits you with a +1 halberd of flaming!
The gnoll burns you.
* * * LOW HITPOINT WARNING * * *
A giant cockroach comes into view.
HP[-20]
You take 20 damage, and now have 9/29 hp.
MASSIVE DAMAGE!! (PAUSE)
You tentacle-slap the gnoll but do no damage.
You constrict the gnoll. The gnoll misses you.
You tentacle-slap the gnoll. You constrict the gnoll.
The gnoll hits you from afar with a +0 halberd.
* * * LOW HITPOINT WARNING * * *
The gnoll hits you with a +1 halberd of flaming.
You die...

Skill      XL: |  1  2  3  4 |
---------------+-------------+-----
Unarmed Combat | 4 |  4.3
Fighting       | 2 |  2.2
Dodging        | |  2.9
Spellcasting   | |  2.0
Transmutations | |  2.0

Action                   |  1- 3 |  4- 6 || total
-------------------------+-------+-------++-------
Melee: Unarmed           |    68 |    27 ||    95
       Tentacles         |    17 |     3 ||    20
       Kick              |    10 |     8 ||    18
       Constrict         |    19 |     5 ||    24
       Punch             |     1 |     1 ||     2
 Cast: Beastly Appendage |    12 |     6 ||    18
 Stab: Sleeping          |     4 |     1 ||     5
Armor: Skin              |     4 |     2 ||     6
Dodge: Dodged            |    32 |    25 ||    57

Levels and vault maps discovered:
D:1:      lemuel_arrival_behind_the_door_large, layout_basic,
          shapermc_ecumenical_altar_flowoftime
D:2:      layout_basic
D:3:      layout_loops_ring, kennysheep_boxes, uniq_jessica,
          uniq_crazy_yiuf_cottage

Notes
Turn   | Place    | Note
-------+----------+-------------------------------------------
     0 | D:1      | zeratav the Octopode Transmuter began the quest for the
                  | Orb.
     0 | D:1      | Reached XP level 1. HP: 13/13 MP: 3/3
     0 | D:1      | magus.rc [v1.9.6]
   114 | D:1      | Reached XP level 2. HP: 13/18 MP: 5/5
   303 | D:1      | Found a faded altar of an unknown god.
   365 | D:1      | Reached XP level 3. HP: 21/23 MP: 6/6
  1281 | D:2      | Reached skill level 4 in Unarmed Combat
  1281 | D:2      | Reached XP level 4. HP: 27/29 MP: 7/7
  1392 | D:2      | Reached skill level 2 in Fighting
  2026 | D:3      | HP: 4/29 [gnoll/+0 halberd (5)]
  2026 | D:3      | Slain by a gnoll

Vanquished Creatures
  A bullfrog skeleton (D:3)
  An adder (D:2)
  4 dart slugs
  6 endoplasms
  2 giant cockroaches
  6 goblins
  2 hobgoblins
  6 jackals
  5 kobolds
  3 quokkas
  4 ball pythons
  5 bats
  2 frilled lizards
  A rat (D:1)
48 creatures vanquished.

Table legend:
 A = Non-vault XP
 B = Vault XP
 C = Vault XP percentage of total XP
 D = Non-vault monster count
 E = Vault monster count
 F = Vault count percentage of total count
                 A         B        C        D         E       F
            +---------+---------+-------+---------+---------+-------
      Total |     140 |       0 |   0.0 |      48 |       0 |   0.0
            +---------+---------+-------+---------+---------+-------
        D:1 |      42 |       0 |   0.0 |      24 |       0 |   0.0
        D:2 |      52 |       0 |   0.0 |      19 |       0 |   0.0
        D:3 |      46 |       0 |   0.0 |       5 |       0 |   0.0
            +---------+---------+-------+---------+---------+-------

Illustrated notes

Table legend:
 A = Kills in this place as a percentage of kills in entire the game.
 B = Kills by you in this place as a percentage of kills by you in the entire game.
 C = Kills by friends in this place as a percentage of kills by friends in the entire game.
 D = Other kills in this place as a percentage of other kills in the entire game.
 E = Experience gained in this place as a percentage of experience gained in the entire game.
 F = Experience gained in this place divided by the number of levels of this place that you have seen.
                   A       B       C       D       E      F
               +-------+-------+-------+-------+-------+----------------------
         Total | 100.0 | 100.0 |   N/A |   N/A | 100.0 |  46.7
       Dungeon | 100.0 | 100.0 |   N/A |   N/A | 100.0 |  46.7
               +-------+-------+-------+-------+-------+----------------------

Table legend: (Time is in decaauts)
 A = Elapsed time spent in this place.
 B = Non-inter-level travel time spent in this place.
 C = Inter-level travel time spent in this place.
 D = Time resting spent in this place.
 E = Time spent auto-exploring this place.
 F = Levels seen in this place.
 G = Mean time per level.
                   A        B        C        D        E       F      G
               +--------+--------+--------+--------+--------+-----+--------+
         Total |   2018 |   1971 |     47 |      0 |   1672 |   3 |  672.7 |
       Dungeon |   2018 |   1971 |     47 |      0 |   1672 |   3 |  672.7 |
               +--------+--------+--------+--------+--------+-----+--------+

Top non-repeatable levels by time:
     D:2: 974 daAuts
     D:1: 695 daAuts
     D:3: 349 daAuts
